 Dungeon Crawl Stone Soup version 0.28.0-53-g5a82cb258f (webtiles) character file.

Game seed: 5586817768039364124

98 Peloso the Shield-Bearer (level 4, -2/40 HPs)
             Began as a Minotaur Fighter on June 30, 2022.
             Slain by a jelly (3 damage)
             ... in a sewer.
             The game lasted 00:03:32 (2042 turns).

Peloso the Shield-Bearer (Minotaur Fighter)         Turns: 2042, Time: 00:03:32

Health: -2/40      AC: -2    Str: 21    XL:     4   Next: 43%
Magic:  3/3        EV:  4    Int:  5    God:
Gold:   54         SH: 12    Dex: 11    Spells: 3/3 levels left

rFire   . . .      SeeInvis .   a - +0 long sword
rCold   . . .      Faith    .   e - +0 tower shield
rNeg    . . .      Spirit   .   j - +0 chain mail
rPois   +          Reflect  .   (helmet restricted)
rElec   .          Harm     .   (no cloak)
rCorr   .          Rampage  .   (no gloves)
Will    .....                   (no boots)
Stlth   ..........              (no amulet)
HPRegen 0.13/turn               g - ring of poison resistance
MPRegen 0.08/turn               (no ring)

@: corroded
A: horns 2, retaliatory headbutt
a: no special abilities


You were in a sewer.
You visited 1 branch of the dungeon, and saw 3 of its levels.
You also visited: Sewer.

You collected 54 gold pieces.

Inventory:

Hand Weapons
 a - a +0 long sword (weapon)
Armour
 b - a +0 scale mail
 c - a +0 buckler
 e - a +0 tower shield (worn)
 j - a +0 chain mail (worn)
Jewellery
 g - a ring of poison resistance (left hand)
 l - a ring of protection from fire
Scrolls
 f - 3 scrolls of identify
 m - 2 scrolls of teleportation {unknown}
Potions
 d - 2 potions of might
 h - 2 potions of brilliance
 i - 2 potions of mutation


   Skills:
 + Level 4.3 Fighting
 + Level 4.0 Long Blades
 + Level 4.2 Armour
 + Level 0.8 Dodging
 + Level 4.3 Shields


You had 3 spell levels left.
You didn't know any spells.
Your spell library contained the following spells:

 Spells                   Type           Power      Damage    Failure   Level
 Blink                    Tloc           0%         N/A       100%        2
 Lesser Beckoning         Tloc           0%         N/A       100%        3
 Manifold Assault         Tloc           0%         N/A       100%        5


Dungeon Overview and Level Annotations

Branches:
Dungeon (3/15)              Sewer (1/1)

Altars:


Innate Abilities, Weirdness & Mutations

You have a pair of horns on your head.
You reflexively headbutt those who attack you in melee.


Message History

* * * LOW HITPOINT WARNING * * *
The jelly is severely wounded.
The jelly hits you but does no damage. You block the jelly's attack. x2
You hit the jelly.
Your hands burn!
* * * LOW HITPOINT WARNING * * *
The jelly is almost dead.
You block the jelly's attack. The jelly hits you but does no damage.
You block the jelly's attack.
Unknown command.
It was a potion of ambrosia.
You are confused.
You feel invigorated. The jelly hits you but does no damage.
You are too confused!
Unknown command.
You bump into the stone wall.
The jelly hits you but does no damage.
Unknown command.
You slash the jelly!
Your hands burn!
* * * LOW HITPOINT WARNING * * *
The jelly is heavily wounded.
The jelly hits you but does no damage. The jelly barely misses you.
The jelly hits you but does no damage.
Unknown command.
You hit the jelly but do no damage. The acid corrodes you!
Your hands burn!
* * * LOW HITPOINT WARNING * * *
The jelly is heavily wounded.
You feel less invigorated.
You feel less confused. You block the jelly's attack.
The jelly hits you but does no damage. The jelly hits you.
The acid corrodes you!
You are splashed with acid!
* * * LOW HITPOINT WARNING * * *
The jelly hits you.
* * * LOW HITPOINT WARNING * * *
The acid corrodes you!
You are splashed with acid!
* * * LOW HITPOINT WARNING * * *
Unknown command.
You enter the shallow water.
Moving in this stuff is going to be slow.
You block the jelly's attack. The jelly hits you.
You die...

#..≈###.≈≈≈#
#.≈≈≈....##
###.≈≈.≈≈## ###
###....≈≈≈## #..
##≈≈≈.≈≈≈.≈# #..
#≈≈..≈..#≈≈.## ≈.
#≈.
.≈≈##.†≈##..≈##≈≈
#.. #...≈≈##≈≈.≈.
#.≈ #@≈#...#≈..≈.
#..
#JJ##.##≈.####
#.. #...###≈..#
#≈. ##∩≈w†≈.≈.#
### ##≈.....##
####.≈## #≈≈#
#≈w≈# ≈≈..##


You could see a worm and 2 jellies.

Vanquished Creatures
  2 adders
  A river rat (Sewer)
  2 worms
  8 endoplasms
  6 giant cockroaches
  6 goblins
  5 hobgoblins
  2 kobolds (D:1)
  4 quokkas
  12 ball pythons
  3 bats
  8 frilled lizards
  2 rats
61 creatures vanquished.

Vanquished Creatures (others)
  2 plants (D:1)
2 creatures vanquished.

Grand Total: 63 creatures vanquished

Notes
Turn   | Place    | Note
-------+----------+-------------------------------------------
     0 | D:1      | Peloso the Minotaur Fighter began the quest for the Orb.
     0 | D:1      | Reached XP level 1. HP: 19/19 MP: 0/0
   295 | D:1      | Reached XP level 2. HP: 20/27 MP: 1/1
   888 | D:2      | Reached XP level 3. HP: 31/33 MP: 2/2
  1719 | D:2      | You fall into a shaft and drop 1 floor!
  1772 | D:3      | Found a glowing drain.
  1797 | Sewer    | Entered a sewer
  1812 | Sewer    | Reached XP level 4. HP: 40/40 MP: 3/3
  2027 | Sewer    | Found a viscous altar of Jiyva.
  2031 | Sewer    | HP: 1/40 [acid (5)]
  2038 | Sewer    | HP: 1/40 [acid (7)]
  2042 | Sewer    | Slain by a jelly

Illustrated notes

Levels and vault maps discovered:
D:1:      minmay_arrival_stair_chambers, layout_rooms, serial_forest,
          infiniplex_forest_clump_C, infiniplex_forest_lined_2,
          infiniplex_forest_lined_3, infiniplex_forest_straight_3,
          infiniplex_forest_clump_curved, infiniplex_forest_lined_room_,
          infiniplex_forest_clump_tiny, infiniplex_forest_lined_room_2,
          infiniplex_forest_clump_diagonal
D:2:      layout_loops_corners, chequers_avenue, nicolae_underground_beach
D:3:      layout_loops_cross, shapermc_ecumenical_altar_acropolis,
          portal_sewer_entry_f, gammafunk_ghost_icy,
          kennysheep_decorative_pillar, uniq_sigmund
Sewer:    sewer_hellmonk_slimy_pipes

Skill      XL: |  1  2  3  4 |
---------------+-------------+-----
Fighting       | 4 |  4.3
Armour         | 4 |  4.2
Shields        | 4 |  4.3
Long Blades    | 3 4 |  4.0
Dodging        | |  0.8

Action                   |  1- 3 |  4- 6 || total
-------------------------+-------+-------++-------
Melee: Long sword        |   113 |    36 ||   149
       Headbutt          |    12 |     4 ||    16
  Use: Scroll            |     2 |       ||     2
       Potion            |       |     1 ||     1
Armor: Scale mail        |    54 |       ||    54
       Chain mail        |    21 |    30 ||    51
Dodge: Dodged            |    37 |     2 ||    39
Block: Buckler           |    11 |       ||    11
       Tower shield      |    72 |    31 ||   103
